 Dungeon Crawl Stone Soup version 0.26.0-45-g9c1d065592 (webtiles) character file.

Game seed: 329001548548769819

100 kaeus the Sneak (level 4, -1/27 HPs)
             Began as an Octopode Enchanter on Jan 28, 2021.
             Slain by a gnoll
             ... wielding a +0 flail
              (8 damage)
             ... on level 2 of the Dungeon.
             The game lasted 00:02:09 (3161 turns).

kaeus the Sneak (Octopode Enchanter)                Turns: 3161, Time: 00:02:10

Health: -1/27      AC:  1    Str:  7    XL:     4   Next: 74%
Magic:  6/6        EV: 14    Int: 15    God:
Gold:   148        SH:  0    Dex: 13    Spells: 6/7 levels left

rFire    . . .     SeeInvis .   a - +1 dagger
rCold    . . .     Faith    .   (no shield)
rNeg     . . .     Spirit   .   (helmet restricted)
rPois    .         Reflect  .   (no amulet)
rElec    .         Harm     .   (no ring)
rCorr    .         Rampage  .   (no ring)
Will     .....                  (no ring)
Stlth    ++........             (no ring)
HPRegen  0.09/turn              (no ring)
MPRegen  0.10/turn              (no ring)
                                (no ring)
                                (no ring)

@: confused, brilliant
A: almost no armour, stealthy swim, amphibious, 8 rings, constrict 8, camouflage
1, blurry vision 1, dopey 1, low mp 1, gelatinous body 1, evolution 1
a: no special abilities


You were on level 2 of the Dungeon.
You visited 1 branch of the dungeon, and saw 3 of its levels.

You collected 148 gold pieces.

Inventory:

Hand Weapons
 a - a +1 dagger (weapon)
Missiles
 k - 27 poisoned darts
Scrolls
 b - a scroll of remove curse
 d - a scroll of random uselessness
 e - 3 scrolls of identify {unknown}
 f - a scroll of immolation {unknown}
 h - a scroll of blinking {unknown}


   Skills:
 + Level 1.9 Short Blades
 + Level 2.5 Dodging
 * Level 5.4 Stealth
 + Level 2.4 Spellcasting
 + Level 3.5 Hexes


You had 6 spell levels left.
You knew the following spells:

 Your Spells              Type           Power        Failure   Level
a - Corona                Hex            20%          4%          1

Your spell library contained the following spells:

 Spells                   Type           Power        Failure   Level
 Confusing Touch          Hex            18%          14%         3
 Tukima's Dance           Hex            18%          14%         3
 Ensorcelled Hibernation  Hex/Ice        20%          16%         2
 Dazzling Flash           Conj/Hex       20%          30%         3
 Gell's Gravitas          Tloc           1%           54%         3
 Petrify                  Tmut/Erth      2%           91%         4
 Metabolic Englaciation   Hex/Ice        5%           96%         5
 Yara's Violent Unravell  Hex/Tmut       5%           96%         5


Dungeon Overview and Level Annotations

Branches:
Dungeon (3/15)

Altars:
Ashenzari
Uskayaw
Yredelemnul


Innate Abilities, Weirdness & Mutations

You cannot wear most types of armour.
You are very stealthy in the water. (Stealth+)
You are amphibious.
You can wear up to eight rings at the same time.
You can use your tentacles to constrict eight enemies at once.
Your skin changes colour to match your surroundings (Stealth+).
Your rubbery body absorbs attacks. (AC +1, EV +1)
Scrolls take you a little longer to read.
You are dopey. (Int -2)
Your magical capacity is low. (-10% MP)
You evolve.


Message History

The gnoll hits you with a +0 whip.
* * * LOW HITPOINT WARNING * * *
You take 5 damage, and have 2/27 hp.
There is an open door here.
The gnoll closely misses you.
You see here 19 sling bullets.
It was a potion of brilliance.
You feel clever all of a sudden.
It was a potion of ambrosia.
You are confused.
You feel invigorated. The gnoll hits you with a +0 flail!
* * * LOW HITPOINT WARNING * * *
You take 4 damage, and have 1/27 hp.
It was a potion of mutation.
You feel extremely strange.
Your vision blurs.
You feel stupid.
You feel less energetic.
You feel nature experimenting on you.
Don't worry, failures die fast.
You regained 3 hp, and now have 4/27 hp.
You now have 6/6 mp.
You bump into the rock wall.
The gnoll hits you with a +0 flail!
You die...

#....)..................#
#.####################.##
#.#.....# #.# #.#.###.#
#.# #.#.#.#.# #.#
#(#†.<#.# #.#
#.#####.##### #.#
######.#.......gg# #.#
.......#.###.###@# #.#
......>#.#.....#.# #.#
......##.#.#.#.#.### #.#
########.#.#.#.#...# #.#
#g#.#.#.#.#.# #.#
#.#.#...###.# #####.##
#.#.#######'## #......#
#.#....###^..##########
#(#######.....#


You could see 2 gnolls.

Vanquished Creatures
  Crazy Yiuf (D:2)
  2 adders (D:2)
  An ooze (D:1)
  2 worms (D:2)
  2 dart slugs (D:2)
  2 leopard geckos
  4 bats
  3 goblins
  2 hobgoblins (D:2)
  4 jackals (D:1)
  A quokka (D:2)
  2 frilled lizards (D:1)
  9 kobolds
  6 rats
  A spectral orc (D:2)
42 creatures vanquished.

Notes
Turn   | Place    | Note
-------+----------+-------------------------------------------
     0 | D:1      | kaeus the Octopode Enchanter began the quest for the Orb.
     0 | D:1      | Reached XP level 1. HP: 11/11 MP: 3/3
    28 | D:1      | You fall into a shaft and drop 1 floor!
   115 | D:2      | Found a hide-covered altar of Uskayaw.
   307 | D:2      | Found a runed translucent door.
   308 | D:2      | Noticed Crazy Yiuf
   328 | D:2      | Reached XP level 2. HP: 17/17 MP: 5/5
  1128 | D:2      | Reached XP level 3. HP: 21/21 MP: 6/6
  1603 | D:1      | HP: 1/21 [jackal (1)]
  1612 | D:1      | Reached skill level 5 in Stealth
  1793 | D:1      | Reached XP level 4. HP: 14/27 MP: 7/7
  2093 | D:1      | Found a broken altar of Ashenzari.
  2847 | D:2      | Found a basalt altar of Yredelemnul.
  3073 | D:2      | Killed Crazy Yiuf
  3159 | D:2      | HP: 1/27 [gnoll/+0 flail (7)]
  3160 | D:2      | Gained mutation: Scrolls take you a little longer to read.
                  | [potion of mutation]
  3160 | D:2      | Gained mutation: You are dopey. (Int -2) [potion of
                  | mutation]
  3160 | D:2      | Gained mutation: Your magical capacity is low. (-10% MP)
                  | [potion of mutation]
  3160 | D:2      | Gained mutation: You evolve. [potion of mutation]
  3161 | D:2      | Slain by a gnoll

Illustrated notes

Levels and vault maps discovered:
D:1:      ebering_hopf_link, layout_basic, ashenzari_altar_1
D:2:      minmay_chambers_of_ones, layout_basic, marbit_many_paths,
          yredelemnul_forgotten_temple_becter, uniq_crazy_yiuf_cottage
D:3:      minmay_angry_zag, layout_rooms, chequers_ecumenical_altar_twisty,
          grunt_ministairs_13, minivault_26, uniq_jessica

Skill      XL: |  1  2  3 |
---------------+----------+-----
Stealth        | 5 |  5.4
Short Blades   | |  1.9
Dodging        | |  2.5
Spellcasting   | |  2.4
Hexes          | |  3.5

Action                   |  1- 3 |  4- 6 || total
-------------------------+-------+-------++-------
Melee: Dagger            |    75 |    35 ||   110
       Constrict         |    12 |     6 ||    18
       Tentacles         |     8 |     2 ||    10
  Use: Potion            |     3 |     3 ||     6
       Scroll            |     1 |     1 ||     2
 Stab: Sleeping          |     8 |     7 ||    15
Armor: Skin              |     4 |     5 ||     9
Dodge: Dodged            |    51 |    25 ||    76
